 Dungeon Crawl Stone Soup version 0.22.1-1-ga44c0e5 (webtiles) character file.

191 rabbit the Magician (level 5, -10/37 HPs)
             Began as a Gnoll Wizard on Oct 11, 2018.
             Was a Follower of Ashenzari.
             Mangled by an iguana (14 damage)
             ... on level 6 of the Dungeon.
             The game lasted 00:24:47 (3868 turns).

rabbit the Magician (Gnoll Wizard)                  Turns: 3868, Time: 00:24:48

Health: -10/37     AC:  2    Str: 10      XL:     5   Next: 70%
Magic:  0/14       EV: 14    Int: 21      God:    Ashenzari [*.....]
Gold:   116        SH:  0    Dex: 12 (13) Spells: 4/18 levels left

rFire    + . .     SeeInvis .   b - +0 hunting sling
rCold    + . .     Gourm    .   (no shield)
rNeg     . . .     Faith    .   A - +0 robe
rPois    .         Spirit   .   x - +0 hat
rElec    .         Reflect  .   q - scarf {rC+ rF+}
rCorr    .         Harm     .   (no gloves)
MR       .....                  (no boots)
Stlth    ++++......             (no amulet)
HPRegen  0.12/turn              t - ring of stealth (curse)
MPRegen  0.14/turn              (no ring)

@: no status effects
A: distributed training, fangs 1, strong nose
a: Curse Item, Scrying, Renounce Religion


You were on level 6 of the Dungeon.
You worshipped Ashenzari.
Ashenzari was aware of your devotion.
You were near starving.

You visited 1 branch of the dungeon, and saw 6 of its levels.

You collected 116 gold pieces.

Inventory:

Hand Weapons
 a - a +2 dagger of draining
 b - a +0 hunting sling (weapon)
 e - a +0 dagger
 s - a +0 blowgun
Missiles
 g - 41 poisoned needles
 l - 41 sling bullets (quivered)
 u - 21 stones
 y - 25 arrows
Armour
 h - a +0 robe
 q - a scarf of resistance (worn)
 x - a +0 hat (worn)
 A - a +0 robe (worn)
Jewellery
 k - an uncursed ring of ice
 r - an uncursed ring of protection from fire
 t - a cursed ring of stealth (left hand)
 w - an uncursed ring of protection from fire
 B - an uncursed amulet of faith
Wands
 n - a wand of enslavement (15)
Scrolls
 c - a scroll of remove curse
 j - a scroll of teleportation {unknown}
 m - 3 scrolls of identify {unknown}
 o - 2 scrolls of fog {unknown}
 p - a scroll of noise {unknown}
 z - a scroll of enchant armour {unknown}
Potions
 f - a potion of might {unknown}
 i - a potion of lignification {unknown}
 v - a potion of degeneration
 C - a potion of haste {unknown}
Comestibles
 d - 10 rations


   Skills:
 + Level 1.5 Fighting
 + Level 1.5 Short Blades
 + Level 1.5 Long Blades
 + Level 1.5 Axes
 + Level 1.5 Maces & Flails
 + Level 1.5 Polearms
 + Level 1.5 Staves
 + Level 1.5 Slings
 + Level 1.5 Bows
 + Level 1.5 Crossbows
 + Level 1.5 Throwing
 + Level 1.5 Armour
 + Level 4.8 Dodging
 + Level 4.4 Stealth
 + Level 1.5 Shields
 + Level 1.5 Unarmed Combat
 + Level 7.3 Spellcasting
 + Level 2.4 Conjurations
 + Level 1.2 Hexes
 + Level 1.2 Charms
 + Level 2.4 Summonings
 + Level 1.2 Necromancy
 + Level 2.4 Translocations
 + Level 1.2 Transmutations
 + Level 1.2 Fire Magic
 + Level 1.2 Ice Magic
 + Level 1.2 Air Magic
 + Level 1.2 Earth Magic
 + Level 1.2 Poison Magic
 + Level 1.7 Invocations
 + Level 1.5 Evocations


You had 4 spell levels left.
You knew the following spells:

 Your Spells              Type           Power        Failure   Level  Hunger
a - Magic Dart            Conj           ###.         3%          1    None
b - Call Imp              Summ           ###.....     4%          2    None
c - Blink                 Tloc           N/A          4%          2    None
d - Conjure Flame         Conj/Fire      ###.....     12%         3    None
e - Mephitic Cloud        Conj/Pois/Air  ##......     13%         3    None
f - Confuse               Hex            ##......     16%         3    None

Your spell library contained the following spells:

 Spells                   Type           Power        Failure   Level  Hunger
 Confusing Touch          Hex            ##....       5%          1    None
 Slow                     Hex            ##......     8%          2    None
 Gell's Gravitas          Tloc           ###.......   10%         3    None
 Petrify                  Tmut/Erth      ##......     45%         4    ###....
 Metabolic Englaciation   Hex/Ice        ##........   82%         5    #####..
 Yara's Violent Unravell  Hex/Tmut       ##........   82%         5    #####..


Dungeon Overview and Level Annotations

Branches:
Dungeon (6/15)
 Temple: D:4-7

Altars:
Ashenzari
Okawaru

Annotations:
D:2 Jessica
D:3 Sigmund
D:4 exclusion: ogre


Innate Abilities, Weirdness & Mutations

Your experience applies equally to all skills.
You have very sharp teeth.
Your uncanny sense of smell can sniff out nearby items.


Message History

The magic dart hits the crimson imp.
The crimson imp is lightly wounded.
Casting: Magic Dart (safe; 3% risk of failure)
Confirm with . or Enter, or press ? or * to list all spells.
You don't have enough magic to cast that spell.
Unknown command.
Firing (i - inventory. (/) - cycle)
l - 42 sling bullets (quivered)
Press: ? - help, Shift-Dir - straight line, f/p - iguana
Aim: an iguana (severely wounded)
You shoot a sling bullet.
The sling bullet barely misses the crimson imp.
The sling bullet hits the iguana.
The iguana is almost dead.
The crimson imp blinks!
Your crimson imp closely misses the crimson imp.
The crimson imp hits you.
* * * LOW HITPOINT WARNING * * *
Your crimson imp closely misses the crimson imp.
The iguana bites you!
You die...

#######
##.....######
##.........<.###
#..............###
##@................
#..l......#........
#.5......######....
###.5..(.## #......
#.......## ##......
#...##..##
##.......
....#######
#....5... .....†
#........ .....
#...5l...


You could see an iguana, a crimson imp and a friendly crimson imp.

Vanquished Creatures
  2 worker ants (D:4)
  4 gnolls (D:4)
  An adder (D:2)
  A worm (D:3)
  2 leopard geckos
  An orc (D:3)
  3 giant cockroaches
  2 hobgoblins
  7 jackals
  12 kobolds
  3 quokkas
  7 bats
  4 goblins
  A rat (D:2)
50 creatures vanquished.

Vanquished Creatures (collateral kills)
  A scorpion (D:6)
  An adder (D:3)
2 creatures vanquished.

Grand Total: 52 creatures vanquished

Notes
Turn   | Place    | Note
-------+----------+-------------------------------------------
     0 | D:1      | rabbit the Gnoll Wizard began the quest for the Orb.
     0 | D:1      | Reached XP level 1. HP: 13/13 MP: 8/8
    75 | D:1      | Found a shattered altar of Ashenzari.
    87 | D:1      | Became a worshipper of Ashenzari the Shackled
   306 | D:1      | Reached XP level 2. HP: 19/19 MP: 8/10
   797 | D:2      | Learned a level 2 spell: Call Imp
   800 | D:2      | Learned a level 2 spell: Blink
  1080 | D:2      | Noticed Jessica
  1340 | D:2      | Reached XP level 3. HP: 25/25 MP: 5/11
  1440 | D:2      | Found an iron altar of Okawaru.
  1913 | D:3      | Reached skill level 1 in Invocations
  2332 | D:3      | Reached skill level 1 in Fighting
  2332 | D:3      | Reached skill level 1 in Short Blades
  2332 | D:3      | Reached skill level 1 in Long Blades
  2332 | D:3      | Reached skill level 1 in Axes
  2332 | D:3      | Reached skill level 1 in Maces & Flails
  2332 | D:3      | Reached skill level 1 in Polearms
  2332 | D:3      | Reached skill level 1 in Staves
  2332 | D:3      | Reached skill level 1 in Slings
  2332 | D:3      | Reached skill level 1 in Bows
  2332 | D:3      | Reached skill level 1 in Crossbows
  2332 | D:3      | Reached skill level 1 in Throwing
  2332 | D:3      | Reached skill level 1 in Armour
  2332 | D:3      | Reached skill level 1 in Shields
  2332 | D:3      | Reached skill level 1 in Unarmed Combat
  2332 | D:3      | Reached skill level 1 in Evocations
  2502 | D:3      | Learned a level 3 spell: Conjure Flame
  2506 | D:3      | Learned a level 3 spell: Mephitic Cloud
  2531 | D:3      | Reached XP level 4. HP: 32/32 MP: 3/13
  2756 | D:3      | Noticed Sigmund
  2957 | D:4      | Noticed an ogre
  2983 | D:4      | Reached skill level 1 in Hexes
  2983 | D:4      | Reached skill level 1 in Charms
  2983 | D:4      | Reached skill level 1 in Necromancy
  2983 | D:4      | Reached skill level 1 in Transmutations
  2983 | D:4      | Reached skill level 1 in Fire Magic
  2983 | D:4      | Reached skill level 1 in Ice Magic
  2983 | D:4      | Reached skill level 1 in Air Magic
  2983 | D:4      | Reached skill level 1 in Earth Magic
  2983 | D:4      | Reached skill level 1 in Poison Magic
  3004 | D:4      | Reached * piety under Ashenzari
  3006 | D:4      | Noticed an ogre
  3161 | D:4      | Reached XP level 5. HP: 33/37 MP: 6/14
  3333 | D:5      | Entered Level 5 of the Dungeon
  3422 | D:5      | Noticed a phantom
  3451 | D:5      | Found a sand-covered staircase.
  3792 | D:6      | Learned a level 3 spell: Confuse
  3868 | D:6      | Mangled by an iguana

Skill      XL: |  1  2  3  4 |
---------------+-------------+-----
Conjurations   | 2 |  2.4
Summonings     | 2 |  2.4
Translocations | 2 |  2.4
Invocations    | 1 |  1.7
Fighting       | 1 |  1.5
Short Blades   | 1 |  1.5
Long Blades    | 1 |  1.5
Axes           | 1 |  1.5
Maces & Flails | 1 |  1.5
Polearms       | 1 |  1.5
Staves         | 1 |  1.5
Slings         | 1 |  1.5
Bows           | 1 |  1.5
Crossbows      | 1 |  1.5
Throwing       | 1 |  1.5
Armour         | 1 |  1.5
Shields        | 1 |  1.5
Unarmed Combat | 1 |  1.5
Evocations     | 1 |  1.5
Hexes          | 1 |  1.2
Charms         | 1 |  1.2
Necromancy     | 1 |  1.2
Transmutations | 1 |  1.2
Fire Magic     | 1 |  1.2
Ice Magic      | 1 |  1.2
Air Magic      | 1 |  1.2
Earth Magic    | 1 |  1.2
Poison Magic   | 1 |  1.2
Dodging        | |  4.8
Stealth        | |  4.4
Spellcasting   | |  7.3

Action                   |  1- 3 |  4- 6 || total
-------------------------+-------+-------++-------
Melee: Dagger            |     7 |     5 ||    12
       Bite              |     1 |       ||     1
 Fire: Hunting sling     |       |     1 ||     1
 Cast: Magic Dart        |    85 |    79 ||   164
       Call Imp          |       |     5 ||     5
       Blink             |       |     2 ||     2
Invok: Curse Item        |     1 |       ||     1
  Use: Potion            |       |     2 ||     2
 Stab: Sleeping          |     6 |       ||     6
  Eat: Chunk             |     5 |     2 ||     7
Armor: Robe              |       |     2 ||     2
Dodge: Dodged            |     8 |    32 ||    40
